Map: Overgrowth LE (Void)

Players

hoebag

  • Race: Zerg Zerg
  • League: Platinum
  • Spawn Location: 1:00

Fropez - Winner!

  • Race: Protoss Protoss
  • League: Gold
  • Spawn Location: 7:00

VOD

Have the link to the VOD?

Description

Time

  • Played on: Dec. 21, 2016, 6:06 p.m.
  • Length: 7:29
Show
View Real Time Build Order
Export as new Build Order

hoebag Zerg 

Build Orders: Hatch First 

Get SALT Encoding   

  12  0:02  Drone  
  13  0:10  Drone  
  14  0:17  Overlord  
  14  0:35  Drone  
  14  0:36  Drone x2  
  17  0:47  Drone  
  18  0:59  Hatchery  
  18  1:03  Drone  
  18  1:10  Extractor, Drone  
  18  1:19  Spawning Pool  
  18  1:21  Drone  
  18  1:30  Drone  
  19  1:40  Drone  
  20  1:51  Drone  
  21  2:10  Drone  
  21  2:12  Queen  
  21  2:14  Hatchery  
  21  2:15  Queen  
  23  2:21  Metabolic Boost  
  25  2:28  Overlord  
  25  2:31  Drone  
  25  2:34  Drone  
  27  2:45  Drone  
  27  2:46  Drone x2  
  30  2:59  Drone x3  
  30  3:00  Drone  
  34  3:06  Spore Crawler  
  34  3:11  Spore Crawler  
  32  3:14  Drone x2  
  34  3:27  Queen  
  36  3:38  Zergling x12  
  36  3:40  Overlord x2  
  42  3:58  Lair  
  39  4:17  Zergling x4  
  39  4:18  Zergling x12  
  39  4:19  Zergling x4  
  39  4:20  Overlord x3  
  49  4:31  Overlord  
  49  4:32  Zergling x2, Overlord  
  50  4:49  Drone x6  
  50  4:50  Drone x4  
  33  5:36  Spine Crawler  
  33  5:37  Spine Crawler  
  33  5:38  Spine Crawler  
  27  5:44  Drone x5  
  27  5:45  Drone x4  
  32  6:02  Spore Crawler  
  32  6:04  Spine Crawler  
  26  6:06  Zergling x4  
  26  6:46  Hydralisk Den  
  21  6:53  Spire  
  14  7:21  Extractor  
  9  7:24  Extractor  
Show
View Real Time Build Order
Export as new Build Order

Fropez Protoss - Winner!

Build Orders: 1 Gate Expand, Mass Adepts 

Get SALT Encoding   

  12  0:01  Probe (Chrono Boost)  
  13  0:11  Probe (Chrono Boost)  
  14  0:20  Pylon  
  14  0:22  Probe (Chrono Boost)  
  15  0:38  Probe (Chrono Boost), Gateway  
  16  0:48  Probe (Chrono Boost)  
  16  0:49  Assimilator  
  17  0:59  Probe (Chrono Boost)  
  18  1:11  Probe (Chrono Boost)  
  19  1:23  Nexus  
  19  1:31  Pylon  
  19  1:33  Probe (Chrono Boost)  
  20  1:44  Probe (Chrono Boost)  
  20  1:45  Assimilator  
  21  1:52  Cybernetics Core  
  21  1:55  Probe (Chrono Boost)  
  22  2:02  Gateway  
  22  2:07  Assimilator  
  22  2:12  Probe (Chrono Boost)  
  23  2:20  Warp Gate  
  23  2:23  Probe (Chrono Boost)  
  24  2:35  Probe (Chrono Boost)  
  25  2:39  Mothership Core (Chrono Boost)  
  25  2:41  Stalker  
  29  2:50  Pylon, Probe (Chrono Boost)  
  30  2:52  Adept  
  32  3:03  Pylon  
  32  3:27  Gateway  
  32  3:28  Gateway  
  32  3:32  Pylon  
  34  3:34  Adept, Pylon  
  35  3:48  Probe (Chrono Boost)  
  35  3:50  Probe (Chrono Boost)  
  35  3:53  Assimilator  
  36  3:59  Probe (Chrono Boost)  
  37  4:18  Probe (Chrono Boost)  
  37  4:19  Probe (Chrono Boost)  
  39  4:24  Pylon  
  39  4:25  Adept x4  
  48  4:32  Probe (Chrono Boost)  
  46  4:48  Probe (Chrono Boost), Assimilator  
  46  4:49  Probe (Chrono Boost)  
  48  4:56  Adept x4  
  50  5:23  Probe (Chrono Boost)  
  50  5:25  Probe (Chrono Boost)  
  50  5:31  Adept x2  
  50  5:32  Adept x2  
  56  5:47  Twilight Council  
  52  5:51  Gateway  
  52  5:56  Pylon  
  48  6:06  Nexus  
  48  6:08  Adept  
  48  6:09  Adept x3  
  54  6:30  Adept x4  
  62  7:00  Adept x4  
Tags
 
Add a new tag
Caveats
  • Supply blocks, unpowered buildings, or Contaminate may cause inaccurate times.
  • Supply counts are checked every 10 seconds.